 Dungeon Sprint DCSS version 0.26-a0-652-gafc20e3620 (webtiles) character file.

Game seed: 13994945508130309882

294 sahdkjhfkaj the Geomancer (level 6, -7/41 HPs)
             Began as a Kobold Earth Elementalist on Oct 3, 2020.
             Killed by blast of rock fragments (13 damage)
             ... in the Dungeon (Sprint I: "Red Sonja").
             The game lasted 00:02:21 (616 turns).

sahdkjhfkaj the Geomancer (KoEE)                     Turns: 616, Time: 00:02:21

Health: -7/41      AC:  2    Str:  5    XL:     6   Next: 60%
Magic:  10/15      EV: 20    Int: 18    God:
Gold:   323        SH:  0    Dex: 16    Spells: 8/17 levels left

rFire    . . .     SeeInvis .   (weapon restricted)
rCold    . . .     Faith    .   (shield restricted)
rNeg     . . .     Spirit   .   c - +0 robe
rPois    .         Reflect  .   (no helmet)
rElec    .         Harm     .   (no cloak)
rCorr    .         Rampage  .   (no gloves)
MR       .....     NoTele   +   (no boots)
Stlth    +++.......             (no amulet)
HPRegen  0.13/turn              (no ring)
MPRegen  0.14/turn              (no ring)

@: no status effects
A: small, nightstalker 3
a: no special abilities


You were in the Dungeon.
You visited 1 branch You collected 323 gold pieces.

Inventory:

Missiles
 b - 22 stones (quivered)
Armour
 c - a +0 robe (worn)
Scrolls
 i - a scroll of blinking
Potions
 d - a potion of curing
 f - a potion of haste
 g - 2 potions of magic


   Skills:
 + Level 5.9 Fighting
 + Level 7.1 Dodging
 - Level 2.6 Stealth
 + Level 6.0 Spellcasting
   Level 1.0 Transmutations
 * Level 9.0 Earth Magic


You had 8 spell levels left.
You knew the following spells:

 Your Spells              Type           Power        Failure   Level
a - Sandblast             Erth           #####.       1%          1
b - Stone Arrow           Conj/Erth      ###...       5%          3
e - Lee's Rapid Deconstr  Erth           #####.....   9%          5

Your spell library contained the following spells:

 Spells                   Type           Power        Failure   Level
 Passwall                 Tmut/Erth      ###.....     2%          2
 Petrify                  Tmut/Erth      ###.....     16%         4


Dungeon Overview and Level Annotations

Branches:
Dungeon (1/1)

Altars:
Cheibriados
Fedhas
Gozag
Hepliaklqana
Qazlal
Sif Muna
Trog
Uskayaw
Vehumet
Wu Jian

Shops:
D :


Innate Abilities, Weirdness & Mutations

You are small and have problems with some larger weapons.
You are completely attuned to the shadows.


Message History

You hit the yak but do no damage.
The yak is lightly wounded.
The yak misses you.
Unknown command.
You hit the yak but do no damage.
The yak is lightly wounded.
The yak misses you.
Unknown command.
Casting: Sandblast (safe; 1% risk of failure)
Confirm with . or Enter, or press ? or * to list all spells.
The spell is quite dangerous to cast (9% risk of failure)!
Continue anyway?
Aiming: Lee's Rapid Deconstruction (quite dangerous; 9% risk of failure)
Press: ? - help, Dir - move target cursor A stone wall.
That beam is likely to hit you.
Continue anyway?
The wall shatters!
The blast of rock fragments hits the yak but does no damage.
The yak is lightly wounded.
The blast of rock fragments hits you!
You die...

################
#<.#..').#..'..#
#..)..#).'..#..+
#..#####'#####'#
#..# #..#...#.#
#..# ####..##.#
#..# ___##'#_.+
∩..Y@..._#
.__##_.#+# __
##+# #


You could see a yak.

Vanquished Creatures
  Sigmund (D)
  An ogre (D)
  A jelly (D)
  Ijyb (D)
4 creatures vanquished.

Notes
Turn   | Place    | Note
-------+----------+-------------------------------------------
     0 | D        | sahdkjhfkaj the Kobold Earth Elementalist began the quest
                  | for the Orb.
     0 | D        | Reached XP level 1. HP: 10/10 MP: 3/3
     1 | D        | Noticed Ijyb
     9 | D        | Killed Ijyb
     9 | D        | Reached skill level 4 in Earth Magic
     9 | D        | Reached skill level 5 in Earth Magic
     9 | D        | Reached XP level 2. HP: 17/17 MP: 0/6
     9 | D        | Reached XP level 3. HP: 21/21 MP: 0/7
    57 | D        | Learned a level 3 spell: Stone Arrow
    66 | D        | Noticed an ogre
    69 | D        | Killed an ogre
    69 | D        | Reached skill level 5 in Dodging
    69 | D        | Reached skill level 6 in Earth Magic
    69 | D        | Reached XP level 4. HP: 29/29 MP: 0/10
    69 | D        | Reached XP level 5. HP: 33/33 MP: 0/11
   171 | D        | Learned a level 5 spell: Lee's Rapid Deconstruction
   175 | D        | Noticed Sigmund
   378 | D        | Killed Sigmund
   378 | D        | Reached skill level 5 in Fighting
   378 | D        | Reached skill level 5 in Spellcasting
   378 | D        | Reached skill level 8 in Earth Magic
   378 | D        | Reached XP level 6. HP: 21/41 MP: 0/14
   544 | D        | Found an ornate altar of the Wu Jian Council.
   545 | D        | Found a shimmering blue altar of Sif Muna.
   546 | D        | Found a radiant altar of Vehumet.
   549 | D        | Reached skill level 9 in Earth Magic
   591 | D        | Found a hazy altar of Hepliaklqana.
   591 | D        | Found a stormy altar of Qazlal.
   591 | D        | Found a hide-covered altar of Uskayaw.
   591 | D        | Found a blossoming altar of Fedhas.
   591 | D        | Noticed a yak
   592 | D        | Found Gohed's Book Emporium.
   592 | D        | Found a bloodstained altar of Trog.
   592 | D        | Found an opulent altar of Gozag.
   592 | D        | Found a snail-covered altar of Cheibriados.
   616 | D        | Killed by blast of rock fragments

Illustrated notes

Levels and vault maps discovered:
D:        dungeon_sprint_1 [red_sonja_temple_1, red_sonja_temple_small_1]

Skill      XL: |  1  2  3  4  5  6 |
---------------+-------------------+-----
Earth Magic    | 5 6 8 9 |  9.0
Fighting       | 2 3 5 |  5.9
Dodging        | 3 5 6 7 |  7.1
Spellcasting   | 3 4 5 6 |  6.0
Stealth        | |  2.6
Transmutations | |  1.0

Action                   |  1- 3 |  4- 6 || total
-------------------------+-------+-------++-------
Melee: Unarmed           |     4 |    23 ||    27
 Cast: Sandblast         |     3 |     5 ||     8
       Stone Arrow       |     2 |     2 ||     4
       Lee's Rapid Decon |       |     1 ||     1
  Use: Potion            |     1 |     1 ||     2
 Stab: Sleeping          |       |     1 ||     1
Dodge: Dodged            |     2 |    20 ||    22

Table legend: (Time is in decaauts)
 A = Elapsed time spent in this place.
 B = Non-inter-level travel time spent in this place.
 C = Inter-level travel time spent in this place.
 D = Time resting spent in this place.
 E = Time spent auto-exploring this place.
 F = Levels seen in this place.
 G = Mean time per level.
                   A        B        C        D        E       F      G
               +--------+--------+--------+--------+--------+-----+--------+
         Total |    623 |    623 |      0 |    494 |      0 |   1 |  623.0 |
       Dungeon |    623 |    623 |      0 |    494 |      0 |   1 |  623.0 |
               +--------+--------+--------+--------+--------+-----+--------+

Top non-repeatable levels by time:
       D: 623 daAuts
